 Dungeon Crawl Stone Soup version 0.30-a0-965-g42e074c17a (webtiles) character file.

Game seed: 3029021327581714152

44191 hikkokomori the Spear-Bearer (level 14, -13/118 HPs)
             Began as a Merfolk Gladiator on Mar 31, 2023.
             Was a High Priest of Okawaru.
             Mangled by a skyshark (38 damage)
             ... on level 5 of the Lair of Beasts.
             The game lasted 00:36:54 (18936 turns).

hikkokomori the Spear-Bearer (Merfolk Gladiator)   Turns: 18936, Time: 00:36:55

Health: -13/118    AC: 31    Str: 18    XL:     14   Next: 27%
Magic:  0/19       EV:  2    Int:  8    God:    Okawaru [*****.]
Gold:   920        SH:  0    Dex: 16    Spells: 10/15 levels left

rFire   + . .      SeeInvis +    H - +2 trident (flame)
rCold   + . .      Faith    .    K - +0 buckler
rNeg    . . .      Spirit   +    B - +6 plate armour of the Equator {SInv}
rPois   .          Reflect  .    c - +0 helmet
rElec   .          Rampage  .    j - scarf {rC+ rF+}
rCorr   .                        u - +0 pair of gloves
Will    +....                    S - +0 pair of boots Stlth
                                 J - amulet of guardian spirit
HPRegen 0.39/turn                z - +4 ring of protection
MPRegen 0.16/turn                G - +5 ring of evasion

@: sleeping, heroic
A: (nimble swimmer 2), mertail
a: Renounce Religion, Heroism, Finesse, Duel


You were on level 5 of the Lair of Beasts.
You worshipped Okawaru.
Okawaru was extremely pleased with you.
You visited 3 branches of the dungeon, and saw 15 of its levels.
You also visited: Bailey and Ice Cave.

You collected 920 gold pieces.

Inventory:

Hand Weapons
 s - a +2 triple crossbow of freezing
 H - a +2 trident of flaming (weapon)
 Y - a +4 heavy spear
Missiles
 d - a throwing net (quivered)
 x - 7 javelins
 Q - an atropa-tipped dart
Armour
 a - a +0 tower shield of cold resistance
 c - a +0 helmet (worn)
 j - a scarf of resistance (worn)
 u - a +0 pair of gloves (worn)
 B - the +6 plate armour of the Equator (worn) {SInv}
   (You found it on level 9 of the Dungeon)

   SInv:      It lets you see invisible.
 C - a +1 ring mail of cold resistance
 K - a +0 buckler (worn)
 L - +0 steam dragon scales
 S - a +0 pair of boots (worn)
Jewellery
 g - a ring of resist corrosion
 k - an amulet of the acrobat
 n - a +4 ring of protection
 q - the ring "Hoxao" {MP+9 Dex+2 SInv}
   (You acquired it on level 6 of the Dungeon)

   [ring of magical power]

   Dex:       It affects your dexterity (+2).
   MP:        It affects your magic capacity (+9).
   SInv:      It lets you see invisible.
 t - a ring of protection from cold
 w - a ring of flight
 z - a +4 ring of protection (left hand)
 D - a ring of willpower
 G - a +5 ring of evasion (right hand)
 J - an amulet of guardian spirit (around neck)
 Z - a ring of ice
Wands
 r - a wand of paralysis (10)
 y - a wand of iceblast (1)
 I - a wand of polymorph (21)
 P - a wand of digging (14)
Scrolls
 b - a scroll of teleportation
 e - 2 scrolls of blinking
 h - a scroll of fear
 m - 2 scrolls of enchant armour
 v - 5 scrolls of fog
 E - a scroll of acquirement
 M - a scroll of silence
 N - a scroll of enchant weapon
 O - a scroll of identify
 V - 2 scrolls of amnesia
Potions
 f - 2 potions of resistance
 i - a potion of ambrosia
 l - 4 potions of curing
 o - 3 potions of attraction
 p - 2 potions of berserk rage
 A - a potion of haste
 T - a potion of mutation
 U - a potion of brilliance
 W - 2 potions of flight
 X - 2 potions of lignification
Miscellaneous
 R - a tin of tremorstones (1/2)


   Skills:
 + Level 13.6(18.6) Fighting
 - Level 14.8(19.8) Polearms
 + Level 5.4(10.4) Throwing
 + Level 9.1(14.1) Armour
 - Level 6.8(11.8) Dodging
 - Level 4.9(9.9) Stealth
 + Level 8.0(13.0) Shields
 - Level 1.4 Spellcasting
 - Level 7.0 Invocations
 + Level 4.8 Evocations


You had 10 spell levels left.
You knew the following spells:

 Your Spells              Type           Power      Damage    Failure   Level
a - Wereblood             Tmut           0%         N/A       100%        2
b - Vhi's Electric Charg  Tloc/Air       0%         N/A       100%        3

Your spell library contained the following spells:

 Spells                   Type           Power      Damage    Failure   Level
 Beastly Appendage        Tmut           0%         N/A       100%        1
 Freeze                   Ice            0%         1d3       100%        1
 Necrotise                Necr           0%         1d4       100%        1
 Ensorcelled Hibernation  Hex/Ice        0%         N/A       100%        2
 Passwall                 Tmut/Erth      0%         N/A       100%        2
 Static Discharge         Conj/Air       0%         2-2/arc   100%        2
 Sublimation of Blood     Necr           0%         N/A       100%        2
 Inner Flame              Hex/Fire       0%         N/A       100%        3
 Ozocubu's Armour         Ice            0%         N/A       100%        3
 Spider Form              Tmut/Pois      0%         N/A       100%        3
 Swiftness                Air            0%         N/A       100%        3
 Cause Fear               Hex            0%         N/A       100%        4
 Dispel Undead            Necr           0%         3d6       100%        4
 Arcjolt                  Conj/Air       0%         1d10      100%        5
 Metabolic Englaciation   Hex/Ice        0%         N/A       100%        5
 Plasma Beam              Fire/Air       0%         2x1d7     100%        5
 Dragon Form              Tmut           0%         N/A       100%        7
 Ozocubu's Refrigeration  Ice            0%         4d7       100%        7
 Discord                  Hex            0%         N/A       100%        8
 Simulacrum               Ice/Necr       Unusable   N/A       N/A         6
 Dragon's Call            Summ           Unusable   N/A       N/A         9

Dungeon Overview and Level Annotations

Branches:
Dungeon (9/15)             Temple (1/1) D:7            Lair (5/5) D:8
 Shoals (0/4) Lair:2       Spider (0/4) Lair:3        Slime (0/5) Lair:4
 Bailey (visited)           IceCv (visited)
    Orc: D:9-12

Altars:
Ashenzari
Cheibriados
Dithmenos
Elyvilon
Fedhas
Gozag
Hepliaklqana
Kikubaaqudgha
Makhleb
Nemelex Xobeh
Okawaru
Qazlal
Ru
Sif Muna
Trog
Uskayaw
Vehumet
Wu Jian
Xom
Yredelemnul
Zin
The Shining One

Shops:
D:4 [   D:9 (


Innate Abilities, Weirdness & Mutations

((You are very nimble when in or above water. (Stealth+, EV+, Speed+++)))
Your lower body shifts to a powerful aquatic tail in water.


Message History

You fall asleep.
The cane toad stings you but does no damage.
The skyshark bites you!!
You wake up.
* * * LOW HITPOINT WARNING * * *
The skyshark tastes blood and grows stronger!
The skyshark tail-slaps you but does no damage.
You block the skyshark's attack.
Unknown command.
The cane toad attacks as you move away! The cane toad misses you.
The skyshark attacks as you move away! The skyshark bites you!
* * * LOW HITPOINT WARNING * * *
The skyshark enters a blood-rage!
The skyshark tail-slaps you but does no damage.
The skyshark completely misses you. The cane toad barely misses you.
You block the skyshark's attack. The skyshark tail-slaps you.
* * * LOW HITPOINT WARNING * * *
You block the skyshark's attack.
You feel much better. The skyshark bites you.
* * * LOW HITPOINT WARNING * * *
You block the skyshark's attack. The skyshark misses you.
The cane toad closely misses you.
Unknown command.
The cane toad attacks as you move away! The cane toad barely misses you.
The skyshark attacks as you move away! You block the skyshark's attack.
The skyshark tail-slaps you but does no damage.
The skyshark closely misses you.
The skyshark bites you but does no damage.
The skyshark misses you. The skyshark tail-slaps you.
* * * LOW HITPOINT WARNING * * *
The cane toad attacks as you move away!
The cane toad stings you but does no damage.
The skyshark bites you but does no damage.
You block the skyshark's attack. The skyshark barely misses you.
There is a stone staircase leading up here.
Unknown command.
The dream sheep shake their wool and sparkle.
You feel drowsy...
You fall asleep.
You stop ascending the stairs.
The cane toad barely misses you. The skyshark bites you!!!
You die...

.............P..#..##
............[.......#..#
............................###
............................#
....... ...................##
..(#... #...P...)........##
....... #..PP...P.........###
.......###.##..F.PP......###.#
......#..##.l.Yl@..[...##.##.##
...(...†...Y..Y......<......#.#
.......#.#...................##
...Y.....##.P.....#.#...#PPP##
.......###........####.######
...#.### ###.#..#.# ### ....#
######## .### .


You could see a skyshark (berserk), a komodo dragon, a cane toad and 3 dream
sheep.

Vanquished Creatures
  A hydra (Lair:3)
  2 centaur warriors (D:9)
  An ogre mage (D:9)
  4 two-headed ogres
  2 catoblepae (Lair:2)
  An ice dragon (Lair:4)
  2 death knights (D:9)
  A boulder beetle (D:9)
  2 ironbound frosthearts (IceCv)
  5 death yaks
  A deep elf knight (D:9)
  2 skysharks
  Pikel (D:6)
  An ugly thing (IceCv)
  A cyclops (D:9)
  A manticore (Lair:2)
  Joseph (D:7)
  4 elephants
  An ice statue (IceCv)
  A black mamba (Lair:4)
  Maggie (D:7)
  9 cane toads
  3 torpor snails
  8 komodo dragons
  17 polar bears
  A wind drake (Lair:2)
  5 blink frogs
  A hornet (D:7)
  3 dream sheep (Lair:5)
  4 spriggans (Bailey)
  A shadow (D:9)
  Eustachio (D:4)
  43 yaks
  2 wyverns
  2 basilisks
  Edmund (D:4)
  2 steam dragons
  Menkaure (D:7)
  13 water moccasins
  An orc warrior (D:8)
  3 sky beasts
  An ice beast (D:7)
  4 black bears
  13 wolves (IceCv)
  5 ogres
  4 centaurs
  2 lemures (D:6)
  3 kobold brigands
  2 phantoms
  A gnoll sergeant (D:9)
  2 scorpions
  10 bullfrogs
  3 wights (D:8)
  5 killer bees
  3 electric eels (Lair:3)
  5 jellies (Lair:4)
  9 orc priests
  5 hounds
  Crazy Yiuf (D:4)
  4 sleepcaps
  A gnoll bouda (D:8)
  6 iguanas
  13 orc wizards
  9 gnolls
  5 adders
  2 shadow imps (D:7)
  2 white imps
  An ufetubus (D:7)
  A worm (D:4)
  4 dart slugs
  44 orcs
  7 bats
  10 endoplasms
  A giant cockroach (D:5)
  8 goblins
  12 hobgoblins
  9 jackals
  13 kobolds
  4 quokkas
  6 ball pythons
  3 frilled lizards
  2 rats
402 creatures vanquished.

Vanquished Creatures (others)
  A cane toad (Lair:2)
  A polar bear (Lair:4)
  18 fungi
  19 plants
39 creatures vanquished.

Grand Total: 441 creatures vanquished

Notes
Turn   | Place    | Note
-------+----------+-------------------------------------------
     0 | D:1      | hikkokomori the Merfolk Gladiator began the quest for the
                  | Orb.
     0 | D:1      | Reached XP level 1. HP: 16/16 MP: 1/1
   159 | D:1      | Reached XP level 2. HP: 23/23 MP: 2/2
  1047 | D:2      | Reached skill level 1 in Armour
  1047 | D:2      | Reached XP level 3. HP: 21/28 MP: 3/3
  1355 | D:2      | Reached XP level 4. HP: 35/35 MP: 4/4
  1805 | D:3      | Reached skill level 5 in Polearms
  1818 | D:3      | Found a hazy altar of Hepliaklqana.
  2565 | D:4      | Noticed an ogre
  2574 | D:4      | Killed an ogre
  2575 | D:4      | Reached XP level 5. HP: 42/42 MP: 5/5
  2613 | D:4      | Found Lorischonys's Armour Shoppe.
  2668 | D:4      | Found a shadowy altar of Dithmenos.
  2672 | D:4      | Found a basalt altar of Yredelemnul.
  2707 | D:4      | Reached skill level 6 in Polearms
  2707 | D:4      | Reached XP level 6. HP: 23/48 MP: 6/6
  2962 | D:4      | Noticed Edmund
  3099 | D:4      | Killed Edmund
  3100 | D:4      | Noticed Eustachio
  3195 | D:4      | Killed Eustachio
  3196 | D:4      | Reached skill level 5 in Fighting
  3196 | D:4      | Reached skill level 7 in Polearms
  3196 | D:4      | Reached XP level 7. HP: 52/56 MP: 7/7
  3539 | D:4      | Found a runed translucent door.
  3540 | D:4      | Noticed Crazy Yiuf
  3624 | D:4      | Killed Crazy Yiuf
  3768 | D:5      | Entered Level 5 of the Dungeon
  4059 | D:5      | Reached XP level 8. HP: 64/64 MP: 8/8
  4106 | D:5      | Found a hide-covered altar of Uskayaw.
  4290 | D:5      | Found a bloodstained altar of Trog.
  4302 | D:5      | Reached skill level 8 in Polearms
  4494 | D:5      | Found a sacrificial altar of Ru.
  5078 | D:6      | Reached skill level 9 in Polearms
  5155 | D:6      | Identified 2 scrolls of acquirement
  5155 | D:6      | Acquired the ring "Hoxao" {MP+9 Dex+2 SInv}
  5162 | D:6      | Noticed Pikel
  5170 | D:6      | Found a glowing silver altar of Zin.
  5199 | D:6      | Killed Pikel
  5200 | D:6      | Reached skill level 5 in Armour
  5200 | D:6      | Reached XP level 9. HP: 62/73 MP: 9/9
  5585 | D:6      | Noticed a two-headed ogre
  5600 | D:6      | Reached skill level 10 in Polearms
  5618 | D:6      | Killed a two-headed ogre
  6418 | D:7      | Noticed Joseph
  6450 | D:7      | Killed Joseph
  6451 | D:7      | Reached skill level 11 in Polearms
  6451 | D:7      | Reached XP level 10. HP: 30/83 MP: 10/10
  6465 | D:7      | Found a staircase to the Ecumenical Temple.
  6475 | Temple   | Entered the Ecumenical Temple
  6500 | Temple   | Became a worshipper of Warmaster Okawaru
  6578 | D:7      | Noticed Menkaure
  6588 | D:7      | Killed Menkaure
  6640 | D:7      | Noticed Maggie
  6739 | D:7      | Found a flagged portal.
  6747 | Bailey   | Entered a bailey
  7079 | Bailey   | Reached * piety under Okawaru
  7214 | Bailey   | Reached skill level 12 in Polearms
  7312 | Bailey   | Noticed a two-headed ogre
  7349 | Bailey   | Killed a two-headed ogre
  7350 | Bailey   | Reached skill level 10 in Fighting
  7386 | Bailey   | Reached ** piety under Okawaru
  8025 | D:7      | Killed Maggie
  8338 | D:7      | Paralysed by a hornet for 1 turns
  8349 | D:7      | Reached XP level 11. HP: 36/92 MP: 8/11
  8534 | D:8      | Found a shimmering blue altar of Sif Muna.
  8540 | D:8      | Reached skill level 1 in Stealth
  8554 | D:8      | Reached skill level 1 in Invocations
  8881 | D:8      | Found a staircase to the Lair.
  9306 | D:8      | Learned a level 2 spell: Wereblood
  9310 | D:8      | Learned a level 3 spell: Vhi's Electric Charge
  9411 | D:9      | Noticed a centaur warrior
  9412 | D:9      | Noticed an ogre mage
  9431 | D:9      | Killed an ogre mage
  9431 | D:9      | Reached *** piety under Okawaru
  9432 | D:9      | Reached skill level 13 in Polearms
  9442 | D:9      | Killed a centaur warrior
  9443 | D:9      | Reached skill level 5 in Dodging
  9443 | D:9      | Reached skill level 1 in Shields
  9741 | D:9      | Noticed a two-headed ogre
  9757 | D:9      | Killed a two-headed ogre
  9903 | D:9      | Found a white marble altar of Elyvilon.
  9921 | D:9      | Found Ziwnacs's Weapon Shop.
 10205 | D:9      | Noticed a two-headed ogre
 10208 | D:9      | Killed a two-headed ogre
 10208 | D:9      | Reached **** piety under Okawaru
 10208 | D:9      | Received a gift from Okawaru
 10258 | D:9      | Noticed a centaur warrior
 10259 | D:9      | Noticed a death knight
 10268 | D:9      | Killed a centaur warrior
 10280 | D:9      | Killed a death knight
 10503 | D:9      | Identified the +6 plate armour of the Equator {SInv}
 10593 | D:9      | Noticed a cyclops
 10595 | D:9      | Noticed a death knight
 10603 | D:9      | Killed a death knight
 10610 | D:9      | Killed a cyclops
 10896 | D:9      | Reached ***** piety under Okawaru
 10994 | D:9      | Noticed a boulder beetle
 11045 | D:9      | Killed a boulder beetle
 11046 | D:9      | Reached XP level 12. HP: 51/100 MP: 15/15
 11192 | D:9      | Noticed a deep elf knight
 11205 | D:9      | Killed a deep elf knight
 11483 | Lair:1   | Entered Level 1 of the Lair of Beasts
 12369 | Lair:2   | Noticed a skyshark
 12386 | Lair:2   | Killed a skyshark
 12387 | Lair:2   | Reached skill level 14 in Polearms
 12387 | Lair:2   | Reached skill level 5 in Invocations
 12622 | Lair:2   | Received a gift from Okawaru
 12672 | Lair:2   | Noticed a catoblepas
 12756 | Lair:2   | Killed a catoblepas
 12977 | Lair:2   | Noticed a catoblepas
 13023 | Lair:2   | Killed a catoblepas
 13362 | Lair:2   | Found a staircase to the Shoals.
 13795 | Lair:3   | Reached skill level 5 in Shields
 14202 | Lair:3   | Noticed a death yak
 14203 | Lair:3   | Noticed a death yak
 14203 | Lair:3   | Noticed a death yak
 14226 | Lair:3   | Noticed a death yak
 14254 | Lair:3   | Killed a death yak
 14274 | Lair:3   | Killed a death yak
 14274 | Lair:3   | Received a gift from Okawaru
 14297 | Lair:3   | Killed a death yak
 14310 | Lair:3   | Killed a death yak
 14311 | Lair:3   | Reached XP level 13. HP: 40/109 MP: 16/18
 14631 | Lair:3   | Reached skill level 1 in Spellcasting
 15012 | Lair:3   | Reached skill level 1 in Evocations
 15300 | Lair:3   | Received a gift from Okawaru
 15728 | Lair:3   | Found a hole to the Spider Nest.
 16140 | Lair:4   | Found a frozen archway.
 16141 | Lair:4   | Noticed an ice dragon
 16176 | Lair:4   | Killed an ice dragon
 16246 | IceCv    | Entered an ice cave
 17002 | IceCv    | Got the Spellbook of the Vanishing Leylines
 17204 | IceCv    | Received a gift from Okawaru
 17445 | IceCv    | Reached XP level 14. HP: 118/118 MP: 17/19
 17920 | Lair:4   | Reached skill level 5 in Throwing
 18166 | Lair:4   | Found a staircase to the Slime Pits.
 18700 | Lair:5   | Entered Level 5 of the Lair of Beasts
 18703 | Lair:5   | Identified the +1 ring mail "Akhlu Pem" {-Tele Harm rElec
                  | rCorr Int-3}
 18936 | Lair:5   | Mangled by a skyshark

Illustrated notes

Levels and vault maps discovered:
D:1:      dpeg_arrival_water_fire, layout_basic
D:2:      layout_rooms, chequers_serial_rivers_micro_a,
          kennysheep_generic_room_4
D:3:      layout_basic, marbit_many_paths
D:4:      layout_cave_pools, jmf_multi_god_temple, serial_shops,
          nicolae_take_the_stairs, minmay_between, uniq_edmund, uniq_eustachio,
          uniq_crazy_yiuf_cottage
D:5:      layout_cave_pods, nicolae_ru_great_annihilating_truth,
          mainiacjoe_overflow_tiny_flanked, nicolae_overflow_crystal_walls
D:6:      layout_gridville, mainiacjoe_overflow_24_doors, kb_rosetta, uniq_pikel
D:7:      corexii_shack_village, layout_basic,
          minmay_temple_entry_drinking_statues, enter_bailey_2,
          hangedman_abyss_or_decor_slice, uniq_maggie, uniq_menkaure,
          uniq_joseph
D:8:      layout_gridville, amcnicky_altar_gilded, lair_entry_dummy,
          nicolae_elevator_lobby_asterisk
D:9:      minmay_chopped_fan, layout_long_grid, elyvilon_altar_1, serial_shops,
          nicolae_shop_bloodbath_and_beyond
Temple:   nicolae_temple_ecumenical_triangle
Lair:1:   layout_small_grid
Lair:2:   layout_chaotic_city, minmay_shoals_entry_beasts
Lair:3:   layout_cave_pods, dummy_spider_entry, serial_bayou_pond_d,
          chequers_serial_rivers_marsh, infiniplex_staircase_pool,
          serial_bayou_shore_a
Lair:4:   layout_misc_corridors, nicolae_slime_entry_slimehenge,
          portal_ice_cave_entry_animals_and_master
Lair:5:   hellmonk_lair_end_abyssal_woods, layout_gridlike, serial_bayou_pond_a,
          st_stairs_4, tgw_fedhas

Skill      XL: |  1  2  3  4  5  6  7  8  9 10 11 12 13 14 |
---------------+-------------------------------------------+-----
Armour         | 1 2 3 5 6 7 8 9 |  9.1
Fighting       | 3 4 5 7 9 10 11 12 13 | 13.6
Polearms       | 5 6 7 9 11 12 13 14 | 14.8
Stealth        | 4 |  4.9
Invocations    | 4 6 7 |  7.0
Dodging        | 6 |  6.8
Shields        | 3 5 7 8 |  8.0
Spellcasting   | 1 |  1.4
Evocations     | 4 |  4.8
Throwing       | 4 5 |  5.4

Action                     |  1- 3 |  4- 6 |  7- 9 | 10-12 | 13-15 || total
---------------------------+-------+-------+-------+-------+-------++-------
  Melee: Trident           |   101 |   159 |   435 |   821 |   734 ||  2250
         Punch             |     1 |     3 |     6 |     6 |       ||    16
         Spear             |       |       |       |     9 |       ||     9
         Tailslap          |       |       |       |    25 |     3 ||    28
  Throw: Throwing net      |       |     4 |     2 |     1 |     1 ||     8
         Javelin           |       |       |       |     2 |     3 ||     5
         Dart              |       |       |       |     1 |       ||     1
 Invoke: Heroism           |       |       |       |     9 |    13 ||    22
  Evoke: Wand              |       |    13 |    10 |     7 |       ||    30
         Tin of tremorston |       |       |       |     1 |     3 ||     4
    Use: Scroll            |       |       |    14 |     6 |     6 ||    26
         Potion            |       |       |     3 |     6 |     2 ||    11
   Stab: Sleeping          |     2 |       |       |     4 |       ||     6
         Held in net/web   |       |     1 |       |       |       ||     1
         Invisible         |       |       |     7 |       |       ||     7
         Paralysed         |       |       |     1 |       |       ||     1
         Distracted        |       |       |       |     1 |       ||     1
         Petrified         |       |       |       |    11 |       ||    11
         Petrifying        |       |       |       |     3 |       ||     3
 Armour: Leather armour    |    34 |       |       |       |       ||    34
         Scale mail        |       |    60 |     7 |       |       ||    67
         Ring mail         |       |       |   218 |    40 |       ||   258
         Steam dragon scal |       |       |       |    65 |       ||    65
         Plate armour      |       |       |       |   210 |   394 ||   604
  Dodge: Dodged            |    98 |    66 |   239 |   346 |   299 ||  1048
  Block: Buckler           |       |       |       |    44 |   219 ||   263

Table legend: (Time is in decaauts)
 A = Elapsed time spent in this place.
 B = Non-inter-level travel time spent in this place.
 C = Inter-level travel time spent in this place.
 D = Time resting spent in this place.
 E = Time spent auto-exploring this place.
 F = Levels seen in this place.
 G = Mean time per level.
                   A        B        C        D        E       F      G
               +--------+--------+--------+--------+--------+-----+--------+
         Total |  18280 |  17832 |    448 |   2728 |  11180 |  17 | 1075.3 |
       Dungeon |  10315 |  10070 |    245 |   1743 |   6060 |   9 | 1146.1 |
        Temple |     40 |     33 |      7 |      0 |      0 |   1 |   40.0 |
          Lair |   5727 |   5531 |    196 |    241 |   4327 |   5 | 1145.4 |
        Bailey |    891 |    891 |      0 |    587 |     76 |   1 |  891.0 |
      Ice Cave |   1306 |   1306 |      0 |    157 |    715 |   1 | 1306.0 |
               +--------+--------+--------+--------+--------+-----+--------+

Top non-repeatable levels by time:
  Lair:3: 2309 daAuts
     D:9: 1837 daAuts
  Lair:2: 1369 daAuts
   IceCv: 1306 daAuts
     D:6: 1235 daAuts
     D:7: 1209 daAuts
     D:5: 1208 daAuts
     D:8: 1055 daAuts
     D:3: 1048 daAuts
     D:4: 1022 daAuts
  Lair:4: 957 daAuts
     D:1: 947 daAuts
  Bailey: 891 daAuts
  Lair:1: 859 daAuts
     D:2: 748 daAuts
